 Dungeon Sprint DCSS version 0.27.1-34-g3ba077fa99 (webtiles) character file.

Game seed: 15257926836654332051

3425 Arum the Fighter (level 10, -1/93 HPs)
             Began as a Formicid Fighter on Jan 15, 2022.
             Was a High Priest of Okawaru.
             Slain by a 12-headed hydra (8 damage)
             ... in the Dungeon (Sprint IX: "|||||||||||||||||||||||||||||").
             The game lasted 00:03:35 (941 turns).

Arum the Fighter (Formicid Fighter)                  Turns: 941, Time: 00:03:36

Health: -1/93      AC: 17    Str: 23    XL:     10   Next: 25%
Magic:  9/10       EV:  7    Int:  9    God:    Okawaru [*****.]
Gold:   8          SH: 11    Dex: 10    Spells: 9/9 levels left

rFire    . . .     SeeInvis +   k - +4 lajatang
rCold    . . .     Faith    .   c - +0 kite shield
rNeg     . . .     Spirit   .   m - +0 plate armour
rPois    .         Reflect  .   (helmet unavailable)
rElec    .         Harm     .   (no cloak)
rCorr    .         Rampage  .   l - +0 pair of gloves
Will     +....                  (no boots)
Stlth    ..........             (no amulet)
HPRegen  0.25/turn              (no ring)
MPRegen  0.12/turn              (no ring)

@: no status effects
A: permanent stasis, dig shafts and tunnels, antennae 3, four strong arms
a: Dig, Renounce Religion, Heroism, Finesse


You were in the Dungeon.
You worshipped Okawaru.
Okawaru was extremely pleased with you.
You visited 1 branch You collected 8 gold pieces.

Inventory:

Hand Weapons
 a - a +0 quarterstaff
 k - a +4 lajatang (weapon)
Missiles
 i - 2 throwing nets
Armour
 c - a +0 kite shield (worn)
 l - a +0 pair of gloves (worn)
 m - a +0 plate armour (worn)
Wands
 j - a wand of acid (5)
Scrolls
 o - a scroll of identify
 p - a scroll of fear
Potions
 b - a potion of brilliance
 d - a potion of might
 e - 7 potions of curing
 g - 4 potions of magic
 h - a potion of invisibility


   Skills:
 + Level 13.8 Fighting
 + Level 12.5 Staves
 + Level 13.6 Armour
 - Level 9.0 Shields


You had 9 spell levels left.
You didn't know any spells.
Your spell library was empty.

Dungeon Overview and Level Annotations

Branches:
Dungeon (1/1)

Altars:
Cheibriados
Dithmenos
Elyvilon
Fedhas
Gozag
Hepliaklqana
Kikubaaqudgha
Makhleb
Nemelex Xobeh
Okawaru
Qazlal
Ru
Sif Muna
Trog
Uskayaw
Vehumet
Wu Jian
Xom
Yredelemnul
Zin
The Shining One
Beogh
Jiyva
Lugonu


Innate Abilities, Weirdness & Mutations

You cannot be hasted, slowed, berserked, paralysed or teleported.
You can dig through walls and to a lower floor.
You have a pair of large antennae on your head. (SInv)
Your four strong arms can wield two-handed weapons with a shield.


Message History

* * * LOW HITPOINT WARNING * * *
You block the 12-headed hydra's attack. The 12-headed hydra bites you.
* * * LOW HITPOINT WARNING * * *
The 12-headed hydra bites you but does no damage. x2
Unknown command.
Unknown command.
Unknown command.
Unknown command.
Unknown command.
Unknown command.
Unknown command.
Unknown command.
Unknown command.
Unknown command.
Unknown command.
Unknown command.
Unknown command.
Unknown command.
Unknown command.
Unknown command.
Unknown command.
Unknown command.
Aiming: Corrosive Bolt
Press: ? - help, Shift-Dir - straight line, f - 12-headed hydra
Aim: a 12-headed hydra (heavily wounded, 90% to hit)
The bolt of acid hits the 12-headed hydra!
The 12-headed hydra is splashed with acid!
The 12-headed hydra is severely wounded.
The bolt of acid hits the yak!
The yak is splashed with acid.
The acid corrodes the yak!
The yak is moderately wounded.
The bolt of acid misses the water moccasin.
The bolt of acid hits the yak!
The yak is splashed with acid!
The yak is heavily wounded.
You block the blink frog's attack. You block the 12-headed hydra's attack.
The 12-headed hydra bites you but does no damage.
The 12-headed hydra barely misses you. You block the 12-headed hydra's attack.
The 12-headed hydra bites you but does no damage. x2
You block the 12-headed hydra's attack. The 12-headed hydra bites you!
You die... {{{{{{{{{{ {{{{{{{{{{{{{ { ▓▓▓▓▓▓▓▓▓▓▓▓▓▓▓▓▓▓▓▓▓▓▓▓ {{{{{{

{ l.lYSYD@F.?...=..!..!'..
▓▓▓▓▓▓▓▓▓▓▓▓▓▓▓▓▓▓▓▓▓▓▓▓▓▓▓▓▓▓▓▓▓
.................................
▓▓▓▓▓▓▓▓▓▓▓▓▓▓▓▓▓▓▓▓▓▓▓▓▓▓▓▓▓▓▓▓▓
_____________________'....)).....
▓▓▓▓▓▓▓▓▓▓▓▓▓▓▓▓▓▓▓▓▓▓▓▓▓▓▓▓▓▓▓▓▓


You could see a 12-headed hydra, 2 yaks, a basilisk, a blink frog, a water
moccasin and a wyvern.

Vanquished Creatures
  A centaur warrior (D)
  A hydra (D)
  A skeletal warrior (D)
  A kobold demonologist (D)
  An efreet (D)
  2 komodo dragons (D)
  A slime creature (D)
  A shadow (D)
  A centaur (D)
  A gnoll sergeant (D)
  A scorpion (D)
  A howler monkey (D)
  A gnoll shaman (D)
  A hound (D)
  An adder (D)
  An adder zombie (D)
  2 orcs (D)
  A giant cockroach (D)
  A hobgoblin (D)
  A quokka (D)
  A bat (D)
  A kobold (D)
24 creatures vanquished.

Notes
Turn   | Place    | Note
-------+----------+-------------------------------------------
     0 | D        | Arum the Formicid Fighter began the quest for the Orb.
     0 | D        | Reached XP level 1. HP: 18/18 MP: 1/1
    47 | D        | Noticed a scorpion
    47 | D        | Noticed a hound
    51 | D        | Reached XP level 2. HP: 23/25 MP: 2/2
    69 | D        | Reached skill level 5 in Shields
    69 | D        | Reached XP level 3. HP: 20/32 MP: 3/3
    70 | D        | Killed a scorpion
    71 | D        | Reached skill level 5 in Fighting
    71 | D        | Reached skill level 5 in Armour
    71 | D        | Reached XP level 4. HP: 26/40 MP: 4/4
    71 | D        | Reached XP level 5. HP: 29/46 MP: 5/5
   241 | D        | Found a snail-covered altar of Cheibriados.
   241 | D        | Found a shadowy altar of Dithmenos.
   241 | D        | Found a white marble altar of Elyvilon.
   241 | D        | Found a blossoming altar of Fedhas.
   241 | D        | Found an opulent altar of Gozag.
   242 | D        | Found a hazy altar of Hepliaklqana.
   243 | D        | Found a viscous altar of Jiyva.
   244 | D        | Found an ancient bone altar of Kikubaaqudgha.
   245 | D        | Found a corrupted altar of Lugonu.
   246 | D        | Found a burning altar of Makhleb.
   247 | D        | Found a sparkling altar of Nemelex Xobeh.
   248 | D        | Found an iron altar of Okawaru.
   249 | D        | Found a stormy altar of Qazlal.
   250 | D        | Found a sacrificial altar of Ru.
   251 | D        | Found a shimmering blue altar of Sif Muna.
   252 | D        | Found a bloodstained altar of Trog.
   253 | D        | Found a hide-covered altar of Uskayaw.
   254 | D        | Found a radiant altar of Vehumet.
   255 | D        | Found an ornate altar of the Wu Jian Council.
   256 | D        | Became a worshipper of Warmaster Okawaru
   257 | D        | Found a shimmering altar of Xom.
   258 | D        | Found a basalt altar of Yredelemnul.
   259 | D        | Found a glowing silver altar of Zin.
   260 | D        | Found a glowing golden altar of the Shining One.
   307 | D        | Noticed a shadow
   307 | D        | Noticed a kobold demonologist
   307 | D        | Noticed a centaur
   316 | D        | Killed a centaur
   317 | D        | Reached skill level 5 in Staves
   319 | D        | Noticed a chaos spawn
   320 | D        | Killed a kobold demonologist
   320 | D        | Reached * piety under Okawaru
   321 | D        | Reached XP level 6. HP: 35/58 MP: 6/6
   321 | D        | Reached XP level 7. HP: 38/64 MP: 7/7
   324 | D        | Killed a shadow
   550 | D        | Noticed a centaur warrior
   550 | D        | Noticed a slime creature
   550 | D        | Noticed a seven-headed hydra
   550 | D        | Noticed a skeletal warrior
   550 | D        | Noticed an efreet
   555 | D        | Killed an efreet
   555 | D        | Reached ** piety under Okawaru
   556 | D        | Reached skill level 10 in Fighting
   556 | D        | Reached skill level 10 in Armour
   556 | D        | Reached XP level 8. HP: 43/74 MP: 5/8
   562 | D        | Killed a skeletal warrior
   563 | D        | Reached skill level 10 in Staves
   563 | D        | Killed a seven-headed hydra
   563 | D        | Reached *** piety under Okawaru
   563 | D        | Killed a slime creature
   563 | D        | Reached **** piety under Okawaru
   564 | D        | Reached XP level 9. HP: 28/84 MP: 6/9
   568 | D        | HP: 4/84 [centaur warrior (5)]
   571 | D        | Killed a centaur warrior
   572 | D        | Reached XP level 10. HP: 31/92 MP: 6/10
   923 | D        | Noticed a seven-headed hydra
   923 | D        | Noticed a komodo dragon
   923 | D        | Noticed a komodo dragon
   929 | D        | Killed a komodo dragon
   930 | D        | Killed a komodo dragon
   930 | D        | Reached ***** piety under Okawaru
   941 | D        | Slain by a 12-headed hydra

Illustrated notes

Levels and vault maps discovered:
D:        linesprint [early_d, line_temple, items_1, d_10, items_2, lair_1,
          lair_end, items_3, orc_1, orc_end, items_4, d_15, swamp_1, shoals_1,
          snake_1, spider_1, d_20, vaults_1, items_5, swamp_end, shoals_end,
          snake_end, spider_end, vaults_end, d_27, items_6, zot_1, zot_end,
          crypt_end, forest_end, elf_end, slime_end, tomb_end, abyss_end,
          pan_hell_end]

Skill      XL: |  1  2  3  4  5  6  7  8  9 |
---------------+----------------------------+-----
Shields        | 4 5 6 9 |  9.0
Fighting       | 4 5 9 10 12 13 | 13.8
Staves         | 3 4 7 9 11 12 | 12.5
Armour         | 4 5 8 10 12 13 | 13.6

Action                   |  1- 3 |  4- 6 |  7- 9 | 10-12 || total
-------------------------+-------+-------+-------+-------++-------
Melee: Quarterstaff      |    47 |     4 |       |       ||    51
       Lajatang          |       |    12 |    21 |    14 ||    47
Invok: Heroism           |       |       |     1 |     1 ||     2
Evoke: Wand              |       |       |     4 |     1 ||     5
  Use: Potion            |       |       |     1 |     2 ||     3
       Scroll            |       |       |       |     4 ||     4
Armor: Scale mail        |    21 |       |       |       ||    21
       Plate armour      |       |    12 |     9 |    30 ||    51
Dodge: Dodged            |    11 |     8 |     5 |    15 ||    39
Block: Kite shield       |    30 |    11 |     8 |    26 ||    75
